 Dungeon Crawl Stone Soup version 0.21.0 (webtiles) character file.

33 Modular the Digger (level 3, 0/19 HPs)
             Began as a Gargoyle Earth Elementalist on July 22, 2018.
             Shot with an arrow by a centaur (14 damage)
             ... on level 2 of the Dungeon.
             The game lasted 00:09:41 (1312 turns).

Modular the Digger (Gargoyle Earth Elementalist)    Turns: 1312, Time: 00:09:42

Health: 0/19       AC:  5    Str: 11    XL:     3   Next: 29%
Magic:  6/6        EV: 12    Int: 16    God:
Gold:   91         SH:  0    Dex: 10    Spells: 6/7 levels left

rFire    . . .     SeeInvis .   h - +0 club
rCold    . . .     Gourm    .   (no shield)
rNeg     + . .     Faith    .   c - +0 robe
rPois    ∞         Spirit   .   (no helmet)
rElec    +         Reflect  .   (no cloak)
rCorr    .         Harm     .   (no gloves)
MR       .....                  (no boots)
Stlth    ++........             (no amulet)
HPRegen  0.06/turn              (no ring)
MPRegen  0.10/turn              (no ring)

@: no status effects
A: negative energy resistance 1, electricity resistance, unbreathing,
petrification resistance, rot immunity, AC +3
a: no special abilities


You were on level 2 of the Dungeon.
You were not hungry.

You visited 1 branch of the dungeon, and saw 2 of its levels.

You collected 91 gold pieces.

Inventory:

Hand Weapons
 h - a +0 club (weapon)
Missiles
 b - 21 stones (quivered)
Armour
 c - a +0 robe (worn)
Scrolls
 a - a scroll of remove curse {unknown}
 f - a scroll of random uselessness {unknown}
 g - 3 scrolls of enchant weapon {unknown}
 i - a scroll of noise {unknown}
 j - a scroll of blinking {unknown}
 k - 2 scrolls of fog {unknown}
 m - a scroll of teleportation {unknown}
 o - a scroll of immolation {unknown}
Potions
 l - a potion of invisibility {unknown}
Books
 e - a book of Geomancy

   Spells                             Type                      Level
   a - Sandblast                      Earth                        1
   b - Passwall                       Transmutation/Earth          2
   c - Stone Arrow                    Conjuration/Earth            3
   d - Petrify                        Transmutation/Earth          4
   e - Lee's Rapid Deconstruction     Earth                        5
Comestibles
 d - a ration
 n - 5 chunks of flesh


   Skills:
 - Level 1.7 Dodging
 - Level 2.4 Stealth
 + Level 2.6 Spellcasting
   Level 0.7 Transmutations
 + Level 4.3 Earth Magic


You had 6 spell levels left.
You knew the following spells:

 Your Spells              Type           Power        Failure   Level  Hunger
a - Sandblast             Erth           ###...       3%          1    #......


Dungeon Overview and Level Annotations

Branches:
Dungeon (2/15)

Altars:
Ashenzari


Innate Abilities, Weirdness & Mutations

You are resistant to torment.
Your stone body is resilient. (AC +3)
You are immune to poison.
You resist negative energy. (rN+)
You are resistant to electric shocks. (rElec)
You can survive without breathing.
You are immune to petrification.
You are immune to rotting.


Message History

You kill the goblin!
b - 21 stones
Things that are here:
a club; a goblin corpse You butcher the goblin corpse.
n - 5 chunks of flesh (gained 2)
Things that are here:
a club; a goblin skeleton
Things that are here:
a club; a goblin skeleton You open the door.
A centaur comes into view.
There is an open door here.
Found 10 gold pieces.
The centaur wields a shortbow.
The centaur shoots an arrow.
The arrow hits you.
There is an open door here.
You see here an arrow.
The centaur shoots an arrow.
The arrow hits you!
Ouch! That really hurt!
You die...

### ## #.# #. #.# #. #.#
#. #.########. #
#........). #.#####
#.########.
..#.....########.#........
........(@................
........########.###......
...c......................
$................#.#.#####
.................#.#.# #
.....#########...#.#.# #
#..#. #...#.#.# # #....
#...<.#.#####
#...#........


You could see a centaur.

Vanquished Creatures
  A dart slug (D:1)
  A leopard gecko (D:1)
  6 goblins
  7 hobgoblins
  3 kobolds (D:1)
  A ball python (D:1)
  6 bats
  2 rats (D:1)
27 creatures vanquished.

Notes
Turn   | Place    | Note
-------+----------+-------------------------------------------
     0 | D:1      | Modular the Gargoyle Earth Elementalist began the quest for the Orb.
     0 | D:1      | Reached XP level 1. HP: 10/10 MP: 3/3
   316 | D:1      | Reached XP level 2. HP: 15/15 MP: 3/5
   430 | D:1      | Reached skill level 4 in Earth Magic
   716 | D:1      | Reached XP level 3. HP: 19/19 MP: 3/6
  1205 | D:2      | Found a shattered altar of Ashenzari.
  1308 | D:2      | Noticed a centaur
  1312 | D:2      | Shot with an arrow by a centaur

Skill      XL: |  1  2 |
---------------+-------+-----
Earth Magic    | 4 |  4.3
Dodging        | |  1.7
Stealth        | |  2.4
Spellcasting   | |  2.6
Transmutations | |  0.7

Action                   || total
-------------------------++-------
Melee: Unarmed           ||     6
       Club              ||     2
 Cast: Sandblast         ||    37
  Eat: Chunk             ||     2
Armor: Robe              ||     4
Dodge: Dodged            ||    11
